 Dungeon Sprint DCSS version 0.30-a0-634-g8abc85282e (webtiles) character file.

Game seed: 11295696655005524419

763 mhtbhm the Thaumaturge (level 7, -1/36 HPs)
             Began as a Deep Elf Earth Elementalist on Jan 15, 2023.
             Was a Follower of Vehumet.
             Slain by a human (11 damage)
             ... in the Dungeon (Sprint III: "The Ten Rune Challenge").
             The game lasted 00:02:13 (610 turns).

mhtbhm the Thaumaturge (Deep Elf Earth Elementalist) Turns: 610, Time: 00:02:13

Health: -1/36      AC:  2    Str:  5    XL:     7   Next: 51%
Magic:  3/26       EV: 13    Int: 22    God:    Vehumet [*.....]
Gold:   43         SH:  0    Dex: 15    Spells: 24/34 levels left

rFire   . . .      SeeInvis .    (no weapon)
rCold   . . .      Faith    .    (no shield)
rNeg    . . .      Spirit   .    a - +0 robe
rPois   .          Reflect  .    (no helmet)
rElec   .          Harm     .    (no cloak)
rCorr   .          Rampage  .    (no gloves)
Will    .....      NoTele   +    (no boots)
Stlth   +++                      (no amulet)
HPRegen 0.26/turn                (no ring)
MPRegen 0.20/turn                (no ring)

@: no status effects
A: no striking features
a: Renounce Religion


You were in the Dungeon.
You worshipped Vehumet.
Vehumet was aware of your devotion.
You visited 1 branch You collected 43 gold pieces.

Inventory:

Armour
 a - a +0 robe (worn)
Scrolls
 h - a scroll of butterflies {unknown}
 j - a scroll of immolation {unknown}
 k - 2 scrolls of identify {unknown}
 l - a scroll of poison {unknown}
Potions
 b - 2 potions of magic
 c - 3 potions of curing
 e - a potion of haste
 f - a potion of berserk rage
 i - 5 potions of mutation {unknown}
 m - a potion of flight {unknown}


   Skills:
 + Level 4.3 Dodging
 + Level 5.2 Stealth
 + Level 14.0 Spellcasting
 + Level 2.4 Conjurations
 + Level 1.3 Transmutations
 + Level 12.9 Earth Magic


You had 24 spell levels left.
You knew the following spells:

 Your Spells              Type           Power      Damage    Failure   Level
a - Sandblast             Erth           100%       2d20      1%          1
b - Passwall              Tmut/Erth      38%        N/A       1%          2
c - Stone Arrow           Conj/Erth      98%        3d13      1%          3
d - Petrify               Tmut/Erth      46%        N/A       2%          4

Your spell library contained the following spells:

 Spells                   Type           Power      Damage    Failure   Level
 Foxfire                  Conj/Fire      80%        2x1d8     2%          1
 Shock                    Conj/Air       80%        1d8       2%          1
 Swiftness                Air            15%        N/A       12%         3
 Airstrike                Air            7%         2d(2-18)  36%         4


Dungeon Overview and Level Annotations

Branches:
Dungeon (1/1)

Altars:
Dithmenos
Elyvilon
Kikubaaqudgha
Okawaru
Ru
Sif Muna
Trog
Uskayaw
Vehumet
Wu Jian
Yredelemnul
Zin
The Shining One


Message History

You can now gain magical power from killing.
Vehumet offers you knowledge of Foxfire.
Your Spellcasting skill increases to level 14!
Unknown command.
Casting: Stone Arrow (safe; 1% risk of failure)
Confirm with . or Enter, or press ? or * to list all spells.
Aiming: Stone Arrow (safe; 1% risk of failure)
Press: ? - help, Shift-Dir - straight line, f - human
Aim: a human (berserk, 67% to hit)
The stone arrow hits the human!
The human is moderately wounded.
The human barely misses you.
Unknown command.
Unknown command.
Casting: Stone Arrow (safe; 1% risk of failure)
Confirm with . or Enter, or press ? or * to list all spells.
Aiming: Stone Arrow (safe; 1% risk of failure)
Press: ? - help, Shift-Dir - straight line, f/p - human
Aim: a human (moderately wounded, berserk, 67% to hit)
The stone arrow hits the human!!
The human is almost dead.
The human hits you! The human hits you.
Unknown command.
Unknown command.
Casting: Stone Arrow (safe; 1% risk of failure)
Confirm with . or Enter, or press ? or * to list all spells.
Aiming: Stone Arrow (safe; 1% risk of failure)
Press: ? - help, Shift-Dir - straight line, f/p - human
Aim: a human (almost dead, berserk, 67% to hit)
The stone arrow misses the human.
The human hits you!
* * * LOW HITPOINT WARNING * * *
Unknown command.
Unknown command.
Casting: Stone Arrow (safe; 1% risk of failure)
Confirm with . or Enter, or press ? or * to list all spells.
Aiming: Sandblast (safe; 1% risk of failure)
Press: ? - help, Shift-Dir - straight line, f/p - human
Aim: a human (almost dead, berserk, 80% to hit)
The blast of sand misses the human.
The human hits you!
You die...

▓▓▓▓▓▓ ▓▓▓ '....♣♣
♣.############ #.....♣♣
♣.#___#___#__# #......♣
♣.#...#__)#._#
#....~.♣♣♣♣.###)#p###)##
#...~~♣♣.♣♣.#...@......#
#..~~~~.....'.⌠........#
#..~≈≈~~~...#...######+#
#.~~≈~~~....#.⌠.#
#.~≈~~~.....#...#
#.~~~.......#'###
#...........#.).#
............#___#
▓▓▓▓▓▓▓▓▓▓▓▓▓▓▓▓▓


You could see a human (berserk).

Vanquished Creatures
  A deep elf pyromancer (D)
  A water elemental (D)
  A necrophage (D)
  A wizard (D)
  A necromancer (D)
  A kobold demonologist (D)
  2 humans (D)
  A phantom (D)
  4 rats (D)
13 creatures vanquished.

Vanquished Creatures (others)
  A plant (D)
1 creature vanquished.

Grand Total: 14 creatures vanquished

Notes
Turn   | Place    | Note
-------+----------+-------------------------------------------
     0 | D        | mhtbhm the Deep Elf Earth Elementalist began the quest for
                  | the Orb.
     0 | D        | Reached XP level 1. HP: 10/10 MP: 6/6
    75 | D        | Reached skill level 4 in Spellcasting
    75 | D        | Reached skill level 5 in Earth Magic
    75 | D        | Reached XP level 2. HP: 9/15 MP: 5/9
   108 | D        | Reached skill level 5 in Spellcasting
   169 | D        | Learned a level 2 spell: Passwall
   173 | D        | Noticed a water elemental
   188 | D        | Killed a water elemental
   189 | D        | Reached skill level 7 in Spellcasting
   189 | D        | Reached XP level 3. HP: 19/19 MP: 7/13
   189 | D        | Reached XP level 4. HP: 24/24 MP: 8/15
   296 | D        | Learned a level 3 spell: Stone Arrow
   299 | D        | Found a radiant altar of Vehumet.
   299 | D        | Found a shimmering blue altar of Sif Muna.
   299 | D        | Found an ancient bone altar of Kikubaaqudgha.
   299 | D        | Noticed a wizard
   301 | D        | Killed a wizard
   305 | D        | Reached skill level 8 in Spellcasting
   466 | D        | Learned a level 4 spell: Petrify
   472 | D        | Found a glowing silver altar of Zin.
   472 | D        | Found a glowing golden altar of the Shining One.
   472 | D        | Found a white marble altar of Elyvilon.
   472 | D        | Noticed a deep elf pyromancer
   478 | D        | Killed a deep elf pyromancer
   479 | D        | Reached skill level 5 in Stealth
   479 | D        | Reached skill level 12 in Spellcasting
   479 | D        | Reached XP level 5. HP: 4/28 MP: 5/22
   479 | D        | Reached XP level 6. HP: 5/32 MP: 5/23
   479 | D        | Reached XP level 7. HP: 5/36 MP: 5/25
   487 | D        | Became a worshipper of Vehumet
   585 | D        | Found a basalt altar of Yredelemnul.
   585 | D        | Found a shadowy altar of Dithmenos.
   585 | D        | Found a sacrificial altar of Ru.
   588 | D        | Reached skill level 13 in Spellcasting
   603 | D        | Found a hide-covered altar of Uskayaw.
   603 | D        | Found an iron altar of Okawaru.
   603 | D        | Found a bloodstained altar of Trog.
   603 | D        | Found an ornate altar of the Wu Jian Council.
   603 | D        | Noticed a human
   603 | D        | Noticed a human
   606 | D        | Killed a human
   606 | D        | Reached * piety under Vehumet
   606 | D        | Offered knowledge of Foxfire by Vehumet.
   607 | D        | Reached skill level 14 in Spellcasting
   610 | D        | Slain by a human

Illustrated notes

Levels and vault maps discovered:
D:        dungeon_sprint_mu [sprint_mu_entry_forest, sprint_mu_temple_rooms,
          sprint_mu_d1_horrors, sprint_mu_d2_genie, sprint_mu_d3_branching,
          sprint_mu_orc_legion, sprint_mu_elf_gauntlet, sprint_mu_hive_nellie,
          sprint_mu_lair_fedhas, sprint_mu_vaults_butterflies,
          sprint_mu_slime_circle, sprint_mu_swamp_cave, sprint_mu_shoals_kraken,
          sprint_mu_blade_basic, sprint_mu_crypt_chambers,
          sprint_mu_tomb_spiral, sprint_mu_vestibule_basic,
          sprint_mu_gehenna_hellfire, sprint_mu_dis_giant,
          sprint_mu_tartarus_statrot, sprint_mu_cocytus_islands, sprint_mu_zot1]

Skill      XL: |  1  2  3  4  5  6  7 |
---------------+----------------------+-----
Earth Magic    | 5 7 11 12 | 12.9
Spellcasting   | 4 7 12 14 | 14.0
Dodging        | 3 4 |  4.3
Stealth        | 3 5 |  5.2
Conjurations   | 2 |  2.4
Transmutations | |  1.3

Action                   |  1- 3 |  4- 6 |  7- 9 || total
-------------------------+-------+-------+-------++-------
 Cast: Sandblast         |    19 |     5 |     2 ||    26
       Stone Arrow       |       |     4 |     8 ||    12
  Use: Potion            |     2 |       |       ||     2
       Scroll            |     1 |       |       ||     1
Armor: Robe              |     1 |       |       ||     1
Dodge: Dodged            |     5 |     3 |     1 ||     9

Table legend: (Time is in decaauts)
 A = Elapsed time spent in this place.
 B = Non-inter-level travel time spent in this place.
 C = Inter-level travel time spent in this place.
 D = Time resting spent in this place.
 E = Time spent auto-exploring this place.
 F = Levels seen in this place.
 G = Mean time per level.
                   A        B        C        D        E       F      G
               +--------+--------+--------+--------+--------+-----+--------+
         Total |    624 |    624 |      0 |    356 |     52 |   1 |  624.0 |
       Dungeon |    624 |    624 |      0 |    356 |     52 |   1 |  624.0 |
               +--------+--------+--------+--------+--------+-----+--------+

Top non-repeatable levels by time:
       D: 624 daAuts
